 Dungeon Crawl Stone Soup version 0.29.0-7-g18a832c13a (webtiles) character file.

Game seed: 9319443746268669006

88 SensoryNuts the Slasher (level 4, -6/35 HPs)
             Began as a Demonspawn Fighter on Sept 1, 2022.
             Mangled by Crazy Yiuf
             ... wielding a +3 quarterstaff of chaos
              (12 damage)
             ... on level 2 of the Dungeon.
             The game lasted 00:01:36 (2330 turns).

SensoryNuts the Slasher (Demonspawn Fighter)        Turns: 2330, Time: 00:01:37

Health: -6/35      AC:  7    Str: 17    XL:     4   Next: 29%
Magic:  4/4        EV:  9    Int:  9    God:
Gold:   25         SH:  5    Dex: 14    Spells: 3/3 levels left

rFire   . . .      SeeInvis .   a - +0 long sword
rCold   . . .      Faith    .   c - +0 buckler
rNeg    . . .      Spirit   .   b - +0 scale mail
rPois   .          Reflect  .   (no helmet)
rElec   .          Harm     .   k - +0 cloak
rCorr   .          Rampage  .   (no gloves)
Will    .....                   (no boots)
Stlth   ..........              (no amulet)
HPRegen 0.11/turn               (no ring)
MPRegen 0.18/turn               (no ring)

@: mighty
A: hooves 1, magic regeneration
a: no special abilities


You were on level 2 of the Dungeon.
You visited 1 branch of the dungeon, and saw 2 of its levels.

You collected 25 gold pieces.

Inventory:

Hand Weapons
 a - a +0 long sword (weapon)
Armour
 b - a +0 scale mail (worn)
 c - a +0 buckler (worn)
 k - a +0 cloak (worn)
Jewellery
 j - a +6 ring of intelligence
 l - a ring of willpower
Scrolls
 e - a scroll of fear {unknown}
 g - a scroll of silence {unknown}
 m - 2 scrolls of identify {unknown}
 o - a scroll of teleportation {unknown}
 p - a scroll of amnesia {unknown}
Potions
 f - 2 potions of curing {unknown}
 h - a potion of magic {unknown}
 i - a potion of berserk rage {unknown}
 n - a potion of attraction {unknown}
 q - a potion of lignification {unknown}
 r - a potion of ambrosia {unknown}


   Skills:
 + Level 3.2 Fighting
 * Level 3.3 Long Blades
 + Level 2.8 Armour
 + Level 1.0 Dodging
 + Level 0.1 Stealth
 + Level 3.0 Shields


You had 3 spell levels left.
You didn't know any spells.
Your spell library contained the following spells:

 Spells                   Type           Power      Damage    Failure   Level
 Static Discharge         Conj/Air       0%         3-3/arc   95%         2
 Frozen Ramparts          Ice            0%         1d1       99%         3
 Dispel Undead            Necr           0%         3d6       100%        4
 Sticky Flame             Conj/Fire      0%         2d3       100%        4
 Summon Ice Beast         Ice/Summ       0%         N/A       100%        4
 Maxwell's Capacitive Co  Air            0%         ∞         100%        8


Dungeon Overview and Level Annotations

Branches:
Dungeon (2/15)

Altars:

Annotations:
D:2 Crazy Yiuf


Innate Abilities, Weirdness & Mutations

You have large cloven feet.
You regenerate magic rapidly.


Message History

You see here a bat corpse.
Things that are here:
a +4 spectral club; a +0 robe You see here a +0 club.
Key pressed, stopping explore.
There is an open door here.
Key pressed, stopping explore.
No target in view!
You see here a +0 hammer.
You see here a +0 hammer.
You see here a +0 hammer.
You see here a +0 hammer.
Crazy Yiuf shouts!
You see here a +0 hammer.
Could not explore, unopened runed door.
Could not explore, unopened runed door.
You feel very mighty all of a sudden.
You open the door. You hit Crazy Yiuf.
Crazy Yiuf is lightly wounded.
Crazy Yiuf hits you with a +3 quarterstaff of chaos!
Crazy Yiuf burns you.
You slash Crazy Yiuf! Your kick misses Crazy Yiuf.
Crazy Yiuf is heavily wounded.
You block Crazy Yiuf's attack.
You slash Crazy Yiuf! Your kick misses Crazy Yiuf.
Crazy Yiuf is almost dead.
Crazy Yiuf hits you with a +3 quarterstaff of chaos.
You convulse.
You barely miss Crazy Yiuf.
Crazy Yiuf is almost dead.
Crazy Yiuf hits you with a +3 quarterstaff of chaos!
Crazy Yiuf yells, "Leather senile unthinkable!"
You block Crazy Yiuf's attack.
You barely miss Crazy Yiuf.
Crazy Yiuf is almost dead.
Crazy Yiuf hits you with a +3 quarterstaff of chaos.
* * * LOW HITPOINT WARNING * * *
You are electrocuted!
You die...

#.......######.........##........
#.........# #.........##........
#.........# #.........##........
#....)..### ############........
#.......# #........
........##♣♣♣♣♣ #........
..>........)♣)♣♣♣ ### #########
............)♣))♣#)))#
....##......♣♣♣♣@g)).#
....###....♣♣ ♣♣#)))# ....#
####♣♣ ### ###### .#.### #....##
.....# ####..## .....# #######
##..## .....#####.....# ##....##
.....#.........## ##..##..#
.#####..........# ##....##..


You could see Crazy Yiuf.

Vanquished Creatures
  Jessica (D:2)
  An adder (D:2)
  3 dart slugs
  10 bats
  7 endoplasms
  4 goblins
  4 hobgoblins
  2 quokkas (D:1)
  4 ball pythons
  2 frilled lizards
  2 kobolds
  5 rats
45 creatures vanquished.

Notes
Turn   | Place    | Note
-------+----------+-------------------------------------------
     0 | D:1      | SensoryNuts the Demonspawn Fighter began the quest for the
                  | Orb.
     0 | D:1      | Reached XP level 1. HP: 18/18 MP: 1/1
   275 | D:1      | Gained mutation: You regenerate magic rapidly. [demonic
                  | ancestry]
   275 | D:1      | Reached XP level 2. HP: 14/24 MP: 2/2
   399 | D:1      | Got Sif Muna's Precepts of Gusts and the Chill
  1214 | D:1      | Gained mutation: You have large cloven feet. [demonic
                  | ancestry]
  1214 | D:1      | Reached XP level 3. HP: 25/29 MP: 3/3
  1410 | D:2      | Found a faded altar of an unknown god.
  1654 | D:2      | Found a runed translucent door.
  1655 | D:2      | Noticed Crazy Yiuf
  1723 | D:2      | Noticed Jessica
  1730 | D:2      | Killed Jessica
  1731 | D:2      | Reached XP level 4. HP: 26/35 MP: 4/4
  2076 | D:2      | Reached skill level 1 in Dodging
  2330 | D:2      | Mangled by Crazy Yiuf

Illustrated notes

Levels and vault maps discovered:
D:1:      psy_arrival_terrarium, layout_basic, skrybe_limestone_x,
          kennysheep_nondescript
D:2:      minmay_alternating_diamond, layout_basic,
          shapermc_ecumenical_altar_notcrosses, uniq_crazy_yiuf_cottage,
          uniq_jessica

Skill      XL: |  1  2  3  4 |
---------------+-------------+-----
Shields        | 3 |  3.0
Long Blades    | 2 3 |  3.3
Dodging        | 1 |  1.0
Fighting       | |  3.2
Armour         | |  2.8
Stealth        | |  0.1

Action                   |  1- 3 |  4- 6 || total
-------------------------+-------+-------++-------
Melee: Long sword        |   107 |    23 ||   130
       Kick              |     6 |     6 ||    12
  Use: Potion            |       |     1 ||     1
Armor: Scale mail        |    62 |     9 ||    71
Dodge: Dodged            |    49 |    13 ||    62
Block: Buckler           |    21 |     6 ||    27
